 Dungeon Crawl Stone Soup version 0.22.1-1-ga44c0e5 (webtiles) character file.

50460 teukkam the Whirler (level 14, -7/181 HPs)
             Began as a Minotaur Berserker on Sept 19, 2018.
             Was the Champion of Trog.
             Mangled by a white ugly thing (31 damage)
             ... on level 11 of the Dungeon on Oct 4, 2018.
             The game lasted 01:48:56 (18635 turns).

teukkam the Whirler (Minotaur Berserker)           Turns: 18635, Time: 01:48:56

Health: -7/181     AC: 17    Str: 30 (32) XL:     14   Next: 19%
Magic:  13/13      EV: 13    Int:  7 (8)  God:    Trog [******]
Gold:   1001       SH:  0    Dex:  9 (10) Spells: 13/13 levels left

rFire    + + .     SeeInvis .   a - +7 executioner's axe (chop)
rCold    . . .     Gourm    .   (shield currently unavailable)
rNeg     . . .     Faith    +   U - +1 scale mail of Xeiphots {rF++ Int+4}
rPois    +         Spirit   .   (helmet unavailable)
rElec    .         Reflect  .   o - +2 cloak
rCorr    .         Harm     .   (no gloves)
MR       +....                  (no boots)
Stlth    ..........             m - amulet of faith
HPRegen  0.80/turn              T - ring of poison resistance
MPRegen  0.13/turn              v - +5 ring of protection

@: berserking, very quick
A: retaliatory headbutt, horns 3, regeneration 1
a: Berserk, Trog's Hand, Brothers in Arms, Renounce Religion


You were on level 11 of the Dungeon.
You worshipped Trog.
Trog was exalted by your worship.
You were not hungry.

You visited 3 branches of the dungeon, and saw 18 of its levels.
You also visited: Sewer.

You collected 1001 gold pieces.

Inventory:

Hand Weapons
 a - a +7 executioner's axe of chopping (weapon)
 b - the +11 fustibalus of Moderation {freeze, rC- Dex+4}
   (You found it on level 8 of the Dungeon)

   It causes projectiles fired from it to freeze those they strike, causing
   extra injury to most foes and up to half again as much damage against
   particularly susceptible opponents.
   They can also slow down cold-blooded creatures.
   It affects your dexterity (+4).
   It makes you vulnerable to cold.
 c - a +2 whip of electrocution
 R - a +2 longbow of flaming
Missiles
 e - 8 needles of frenzy
 n - 12 tomahawks
 q - 230 arrows
 u - 6 javelins of returning (quivered)
 w - 409 stones
 z - 4 tomahawks of dispersal
 G - 84 sling bullets
 Z - 8 curare-tipped needles
Armour
 o - a +2 cloak (worn)
 J - a +0 shield
 U - the +1 scale mail of Xeiphots (worn) {rF++ Int+4}
   (You found it on level 8 of the Dungeon)

   It affects your intelligence (+4).
   It greatly protects you from fire.
Jewellery
 i - an uncursed ring of fire
 m - an amulet of faith (around neck)
 p - an uncursed amulet of regeneration
 r - an uncursed ring of protection from cold
 t - an uncursed ring of ice
 v - a +5 ring of protection (right hand)
 P - an uncursed amulet of guardian spirit {unknown}
 T - a ring of poison resistance (left hand)
 X - a +4 ring of protection
Wands
 d - a wand of paralysis (10)
 g - a wand of polymorph (15)
 y - a wand of digging (29)
 C - a wand of random effects (29)
 I - a wand of enslavement (4)
 V - a wand of flame (24)
Scrolls
 h - 18 scrolls of identify
 j - 3 scrolls of enchant armour
 A - 6 scrolls of teleportation
 H - 7 scrolls of magic mapping
 K - 8 scrolls of remove curse
 N - a scroll of fear {unknown}
 W - a scroll of blinking
 Y - 3 scrolls of immolation
Potions
 f - 5 potions of might
 k - 3 potions of cancellation
 l - a potion of magic
 s - 6 potions of curing
 B - 8 potions of flight
 D - 2 potions of haste
 E - a potion of heal wounds
 F - 2 potions of resistance
 M - a potion of berserk rage
 S - a potion of invisibility
Miscellaneous
 x - 2 phantom mirrors
 O - a fan of gales
Comestibles
 L - 25 rations


   Skills:
 - Level 10.1 Fighting
 + Level 10.7 Axes
 - Level 19.6 Slings
 + Level 5.8 Bows
 - Level 8.3 Armour
 - Level 7.5 Dodging


You had 13 spell levels left.
You didn't know any spells.
Your spell library contained the following spells:

 Spells                   Type           Power        Failure   Level  Hunger
 Animate Skeleton         Necr           N/A          65%         1    ##.....
 Confusing Touch          Hex            #.....       65%         1    ##.....
 Pain                     Necr           #...         65%         1    ##.....
 Sandblast                Erth           #.....       65%         1    ##.....
 Sting                    Conj/Pois      #...         65%         1    ##.....
 Passwall                 Tmut/Erth      #.......     78%         2    ###....
 Poisonous Vapours        Pois/Air       #.....       78%         2    ###....
 Confuse                  Hex            #.......     95%         3    ####...
 Gell's Gravitas          Tloc           #.........   95%         3    ####...
 Mephitic Cloud           Conj/Pois/Air  #.......     95%         3    ####...
 Regeneration             Chrm/Necr      #.........   95%         3    ####...
 Stone Arrow              Conj/Erth      #.....       95%         3    ####...
 Vampiric Draining        Necr           #.........   95%         3    ####...
 Animate Dead             Necr           N/A          100%        4    #####..
 Olgreb's Toxic Radiance  Pois           #.......     100%        4    #####..
 Petrify                  Tmut/Erth      #.......     100%        4    #####..
 Lee's Rapid Deconstruct  Erth           #.........   100%        5    ######.
 Metabolic Englaciation   Hex/Ice        #.........   100%        5    ######.
 Venom Bolt               Conj/Pois      #.........   100%        5    ######.
 Yara's Violent Unravell  Hex/Tmut       #.........   100%        5    ######.


Dungeon Overview and Level Annotations

Branches:
Dungeon (11/15)            Temple (0/1) D:7            Lair (6/6) D:10
  Swamp (0/4) Lair:4       Spider (0/4) Lair:2        Slime (0/5) Lair:6
    Orc (1/2) D:10

Altars:
Ashenzari
Cheibriados
Gozag
Kikubaaqudgha
Nemelex Xobeh
Ru
Sif Muna
Trog
Uskayaw
Wu Jian
Xom
Yredelemnul
Zin

Annotations:
D:8 lava vault
D:9 3 runed doors, PIttos's ghost, novice MiFi
Lair:1 3 runed doors, Buenic's ghost, journeyman TrTm
Lair:5 1 runed door, raikaria's ghost, journeyman KoAs


Innate Abilities, Weirdness & Mutations

You reflexively headbutt those who attack you in melee.
You have a pair of large horns on your head.
Your natural rate of healing is unusually fast.


Message History

The hippogriff closely misses you. The hippogriff misses you.
The hippogriff claws you but does no damage.
You slice the hippogriff!!
You kill the hippogriff!
Trog accepts your kill. The white ugly thing engulfs you!
The white ugly thing freezes you!!
You slice the white ugly thing!!
The white ugly thing is heavily wounded.
The white ugly thing engulfs you. The white ugly thing freezes you!!
You closely miss the white ugly thing.
The white ugly thing is heavily wounded.
The white ugly thing engulfs you. The white ugly thing freezes you!!
* * * LOW HITPOINT WARNING * * *
The white ugly thing barely misses you.
A red film seems to cover your vision as you go berserk!
You feel yourself moving faster!
You feel mighty!
You feel quite a bit more hungry. The white ugly thing engulfs you.
* * * LOW HITPOINT WARNING * * *
The white ugly thing freezes you!!
You die...

#.......# #.......#
#...)...#
####...†...#
...........#
####.#####.# . #.#
#.# ... #.#
#.########..... #.#
#......@u......
#.#####.########.....
####.......# >..
.....#####.# . ####.#
#.# #.# #.# #.# #.#
#.# #.# #.# #.#


You could see a white ugly thing.

Vanquished Creatures
  5 hydras
  A death knight (D:11)
  3 two-headed ogres
  5 death yaks (Lair:4)
  A skeletal warrior (D:11)
  Pikel (D:5)
  An oklob plant (Lair:1)
  A cyclops (Orc:1)
  4 black mambas
  4 elephants (Lair:6)
  21 spiny frogs
  A gargoyle (D:10)
  A rime drake (Lair:1)
  A kobold demonologist (D:11)
  A freezing wraith (D:11)
  12 komodo dragons
  5 tyrant leeches (Lair:6)
  Grinder (D:6)
  3 polar bears
  3 slime creatures (D:10)
  Prince Ribbit (D:7)
  A hornet (D:10)
  3 bog bodies (Lair:4)
  13 blink frogs
  8 hippogriffs
  2 wyverns
  3 basilisks
  2 hungry ghosts (D:9)
  A wraith (D:11)
  Eustachio (D:6)
  15 yaks
  6 vampire mosquitoes (Lair:6)
  Menkaure (D:5)
  Edmund (D:5)
  2 soldier ants (D:10)
  2 swamp worms (Lair:4)
  An acid dragon (D:11)
  Duvessa (D:4)
  7 water moccasins
  11 porcupines
  3 ice beasts
  3 phantoms
  6 orc warriors
  5 sky beasts
  3 hornet zombies
  6 ogres
  A necrophage (D:10)
  3 black bears
  37 wolves
  2 centaurs
  9 crocodiles
  Blork the orc (D:6)
  20 bullfrogs
  Dowan (D:4)
  3 scorpions
  14 killer bees
  3 wights (D:10)
  An electric eel (Lair:4)
  A lava snake (D:8)
  3 crimson imps
  4 centaur zombies
  2 bullfrog zombies
  5 hounds
  7 orc priests
  2 jellies (D:5)
  20 orc wizards
  3 bullfrog skeletons
  A gnoll shaman (D:4)
  An iguana (D:6)
  A merfolk siren (Sewer)
  7 worker ants
  2 killer bee zombies (D:6)
  3 hound zombies (D:6)
  A howler monkey zombie (D:6)
  2 worker ant zombies
  A howler monkey skeleton (D:9)
  15 adders
  13 gnolls
  3 river rats (Sewer)
  An ooze (D:1)
  2 adder zombies (D:6)
  An adder skeleton (D:8)
  5 worms
  2 dart slugs
  12 leopard geckos
  66 orcs
  7 ball pythons
  12 bats
  11 giant cockroaches
  8 hobgoblins
  14 jackals
  7 kobolds
  4 quokkas
  12 frilled lizards
  6 goblins
  A jackal zombie (D:6)
  A leopard gecko zombie (D:8)
  2 quokka skeletons (D:6)
  2 quokka zombies (D:6)
  29 rats
  3 fungi
  3 plants (Lair:6)
  A withered plant (D:6)
587 creatures vanquished.

Vanquished Creatures (collateral kills)
  2 spiny frogs (Lair:6)
  3 blink frogs (Lair:6)
  2 bullfrogs (Lair:6)
7 creatures vanquished.

Vanquished Creatures (others)
  A bat zombie (D:5)
  2 rat zombies (D:5)
  20 fungi
  40 plants
  A withered plant (Lair:5)
64 creatures vanquished.

Grand Total: 658 creatures vanquished

Notes
Turn   | Place    | Note
-------+----------+-------------------------------------------
     0 | D:1      | teukkam the Minotaur Berserker began the quest for the Orb.
     0 | D:1      | Reached XP level 1. HP: 19/19 MP: 0/0
   305 | D:1      | Reached XP level 2. HP: 23/27 MP: 1/1
   482 | D:1      | Reached ** piety under Trog
   762 | D:1      | Reached XP level 3. HP: 26/33 MP: 2/2
   973 | D:2      | Noticed a phantom
   991 | D:2      | Killed a phantom
   991 | D:2      | Reached XP level 4. HP: 25/41 MP: 3/3
  1167 | D:2      | Reached XP level 5. HP: 40/47 MP: 4/4
  1240 | D:2      | Found a faded altar of an unknown god.
  1565 | D:2      | Reached *** piety under Trog
  1737 | D:3      | Reached skill level 5 in Axes
  1743 | D:3      | Reached skill level 5 in Fighting
  1823 | D:3      | Found a glowing drain.
  1830 | D:3      | Reached **** piety under Trog
  1836 | Sewer    | Entered a sewer
  1852 | Sewer    | Reached XP level 6. HP: 55/56 MP: 5/5
  2285 | D:3      | Found a shattered altar of Ashenzari.
  2381 | D:3      | Reached ***** piety under Trog
  2451 | D:3      | Reached skill level 1 in Slings
  2883 | D:4      | Noticed Dowan
  2887 | D:4      | Noticed Duvessa
  2893 | D:4      | Killed Duvessa
  2893 | D:4      | Reached skill level 5 in Armour
  2893 | D:4      | Reached XP level 7. HP: 62/62 MP: 6/6
  2895 | D:4      | Killed Dowan
  2932 | D:4      | Found a sparkling altar of Nemelex Xobeh.
  2944 | D:4      | Received a gift from Trog
  2944 | D:4      | Reached skill level 2 in Slings
  3024 | D:4      | Reached skill level 5 in Dodging
  3234 | D:4      | Reached XP level 8. HP: 71/71 MP: 7/7
  3247 | D:4      | Reached skill level 3 in Slings
  3262 | D:4      | Found a basalt altar of Yredelemnul.
  3271 | D:4      | Found a glowing silver altar of Zin.
  3282 | D:4      | Found a snail-covered altar of Cheibriados.
  3696 | D:5      | Entered Level 5 of the Dungeon
  3860 | D:5      | Noticed Edmund
  3865 | D:5      | Killed Edmund
  3972 | D:5      | Reached skill level 4 in Slings
  4048 | D:5      | Found a hide-covered altar of Uskayaw.
  4392 | D:5      | Noticed Menkaure
  4397 | D:5      | Killed Menkaure
  4418 | D:5      | Noticed Pikel
  4434 | D:5      | Killed Pikel
  4434 | D:5      | Reached XP level 9. HP: 42/80 MP: 8/8
  4694 | D:5      | Found an ancient bone altar of Kikubaaqudgha.
  5082 | D:6      | Noticed Grinder
  5166 | D:6      | Found a sacrificial altar of Ru.
  5198 | D:6      | Reached skill level 5 in Slings
  5233 | D:6      | Noticed Eustachio
  5248 | D:6      | Killed Eustachio
  5387 | D:7      | Noticed Prince Ribbit
  5519 | D:7      | Killed Prince Ribbit
  5555 | D:7      | Received a gift from Trog
  5665 | D:7      | Found a deep blue altar of Sif Muna.
  5719 | D:7      | Reached skill level 6 in Slings
  5818 | D:7      | Found a staircase to the Ecumenical Temple.
  5886 | D:7      | Found an opulent altar of Gozag.
  5988 | D:8      | Reached XP level 10. HP: 84/90 MP: 3/9
  6066 | D:8      | Got a shimmering scale mail
  6077 | D:8      | Identified the +1 scale mail of Xeiphots {rF++ Int+4} (You
                  | found it on level 8 of the Dungeon)
  6087 | D:8      | Found an ornate altar of the Wu Jian Council.
  6225 | D:8      | Noticed a deep elf archer
  6232 | D:8      | Noticed a two-headed ogre
  6283 | D:8      | Killed a two-headed ogre
  6668 | D:9      | Noticed a two-headed ogre
  6778 | D:9      | Reached skill level 7 in Slings
  6806 | D:9      | Found a bloodstained altar of Trog.
  6846 | D:9      | Reached skill level 10 in Axes
  6869 | D:9      | Reached skill level 10 in Fighting
  6890 | D:9      | Received a gift from Trog
  7218 | D:8      | Got a bloodstained fustibalus
  7219 | D:8      | Identified the +11 fustibalus of Moderation {freeze, rC-
                  | Dex+4} (You found it on level 8 of the Dungeon)
  7347 | D:9      | Found a shimmering altar of Xom.
  7365 | D:9      | Killed a two-headed ogre
  7365 | D:9      | Reached skill level 8 in Slings
  7382 | D:9      | Reached skill level 9 in Slings
  7499 | D:9      | Found a runed gate.
  7537 | D:9      | Noticed PIttos's ghost (novice MiFi)
  7538 | D:9      | Found a runed gate.
  7538 | D:9      | Found a runed gate.
  7696 | D:10     | Entered Level 10 of the Dungeon
  7840 | D:10     | Found a staircase to the Lair.
  7845 | Lair:1   | Entered Level 1 of the Lair of Beasts
  7946 | D:10     | Reached XP level 11. HP: 87/99 MP: 3/10
  8060 | Lair:1   | Reached skill level 10 in Slings
  8064 | Lair:1   | Found a runed gate.
  8064 | Lair:1   | Found a runed gate.
  8083 | Lair:1   | Found a runed gate.
  8086 | Lair:1   | Noticed Buenic's ghost (journeyman TrTm)
  8257 | Lair:1   | Reached skill level 11 in Slings
  8543 | Lair:1   | Noticed an oklob plant
  8970 | Lair:1   | Killed an oklob plant
  9082 | Lair:2   | Reached skill level 12 in Slings
  9158 | Lair:2   | Received a gift from Trog
  9251 | Lair:2   | Found a hole to the Spider Nest.
  9251 | Lair:2   | Noticed a death yak
  9251 | Lair:2   | Noticed a death yak
  9384 | Lair:3   | Reached skill level 13 in Slings
 10007 | Lair:3   | Reached XP level 12. HP: 62/106 MP: 3/11
 10007 | Lair:3   | Reached skill level 14 in Slings
 10240 | Lair:3   | Noticed a five-headed hydra
 10248 | Lair:3   | Killed a five-headed hydra
 10944 | Lair:4   | Reached ****** piety under Trog
 10948 | Lair:4   | Received a gift from Trog
 10949 | Lair:4   | Reached skill level 15 in Slings
 11216 | Lair:4   | Noticed a death yak
 11355 | Lair:4   | Noticed a death yak
 11356 | Lair:4   | Noticed a death yak
 11358 | Lair:4   | Noticed a death yak
 11360 | Lair:4   | Noticed a death yak
 11364 | Lair:4   | Killed a death yak
 11366 | Lair:4   | Killed a death yak
 11367 | Lair:4   | Killed a death yak
 11371 | Lair:4   | Killed a death yak
 11371 | Lair:4   | Killed a death yak
 11371 | Lair:4   | Reached skill level 16 in Slings
 11685 | Lair:4   | Got a crude ring mail
 11696 | Lair:4   | Identified the +1 ring mail "Basekaguc" {rElec rPois} (You
                  | found it on level 4 of the Lair of Beasts)
 12183 | Lair:4   | Received a gift from Trog
 12437 | Lair:4   | Found a staircase to the Swamp.
 12694 | Lair:5   | Noticed a seven-headed hydra
 12702 | Lair:5   | Killed a seven-headed hydra
 12724 | Lair:5   | Received a gift from Trog
 12724 | Lair:5   | Reached skill level 17 in Slings
 12976 | Lair:5   | Gained mutation: Your spells are a little harder to cast,
                  | but a little more powerful. [potion of mutation]
 12976 | Lair:5   | Gained mutation: You tend to lose your temper in combat.
                  | [potion of mutation]
 12976 | Lair:5   | Gained mutation: You are clumsy. (Dex -2) [potion of
                  | mutation]
 12976 | Lair:5   | Gained mutation: You are robust. (+10% HP) [potion of
                  | mutation]
 12977 | Lair:5   | Lost mutation: You tend to lose your temper in combat.
                  | [potion of mutation]
 12977 | Lair:5   | Lost mutation: You are robust. (+10% HP) [potion of
                  | mutation]
 12977 | Lair:5   | Lost mutation: Your spells are a little harder to cast, but
                  | a little more powerful. [potion of mutation]
 12977 | Lair:5   | Lost mutation: You are clumsy. (Dex -2) [potion of
                  | mutation]
 12977 | Lair:5   | Gained mutation: Your natural rate of healing is unusually
                  | fast. [potion of mutation]
 12977 | Lair:5   | Gained mutation: You have a pair of large horns on your
                  | head. [potion of mutation]
 13111 | Lair:5   | Reached XP level 13. HP: 113/113 MP: 12/12
 13300 | Lair:5   | Received a gift from Trog
 13543 | Lair:5   | Found a runed door.
 13544 | Lair:5   | Noticed raikaria's ghost (journeyman KoAs)
 13796 | D:6      | Killed Grinder
 13899 | D:6      | Received a gift from Trog
 14012 | D:6      | Noticed Blork the orc
 14015 | D:6      | Killed Blork the orc
 14680 | Lair:6   | Entered Level 6 of the Lair of Beasts
 14754 | Lair:6   | Upgraded the game from 0.22.1 to 0.22.1-1-ga44c0e5
 14927 | Lair:6   | Reached skill level 18 in Slings
 15218 | Lair:6   | Received a gift from Trog
 15539 | Lair:6   | Reached skill level 19 in Slings
 15829 | Lair:5   | Reached skill level 1 in Bows
 16358 | Lair:6   | Found a staircase to the Slime Pits.
 17014 | D:10     | Received a gift from Trog
 17132 | D:10     | Reached XP level 14. HP: 97/121 MP: 13/13
 17524 | D:10     | Found a staircase to the Orcish Mines.
 18185 | Orc:1    | Entered Level 1 of the Orcish Mines
 18274 | Orc:1    | Received a gift from Trog
 18526 | D:11     | Reached skill level 5 in Bows
 18635 | D:11     | Mangled by a white ugly thing

Skill      XL: |  1  2  3  4  5  6  7  8  9 10 11 12 13 14 |
---------------+-------------------------------------------+-----
Axes           | 4 5 6 7 8 10 | 10.7
Fighting       | 4 5 6 7 8 10 | 10.1
Armour         | 3 4 5 7 8 |  8.3
Dodging        | 3 4 5 6 7 |  7.5
Slings         | 1 2 4 6 9 13 17 19 | 19.6
Bows           | 4 5 |  5.8

Action                   |  1- 3 |  4- 6 |  7- 9 | 10-12 | 13-15 || total
-------------------------+-------+-------+-------+-------+-------++-------
Melee: Hand axe          |    89 |   195 |       |       |       ||   284
       Headbutt          |     8 |    36 |    39 |    54 |    27 ||   164
       War axe           |       |    14 |   198 |       |       ||   212
       Battleaxe         |       |       |    20 |   127 |       ||   147
       Executioner's axe |       |       |       |   201 |   194 ||   395
 Fire: Hunting sling     |       |     5 |    42 |    30 |       ||    77
       Fustibalus        |       |       |       |   132 |   232 ||   364
       Longbow           |       |       |       |       |     2 ||     2
Throw: Stone             |       |     8 |       |     1 |       ||     9
       Javelin           |       |       |       |     2 |     5 ||     7
       Tomahawk          |       |       |       |       |     1 ||     1
Invok: Berserk           |     1 |     3 |     8 |     6 |     6 ||    24
       Brothers in Arms  |       |       |       |       |     1 ||     1
Evoke: Wand              |       |       |       |    10 |    10 ||    20
  Use: Scroll            |       |     4 |     2 |    11 |     4 ||    21
       Potion            |       |     1 |     6 |     8 |     6 ||    21
 Stab: Invisible         |       |       |     4 |       |       ||     4
  Eat: Chunk             |       |     9 |     8 |    16 |     7 ||    40
       Ration            |       |     1 |     2 |     5 |     5 ||    13
Armor: Leather armour    |    20 |       |       |       |       ||    20
       Ring mail         |    13 |    91 |    34 |    11 |       ||   149
       Scale mail        |       |     1 |    86 |   227 |   132 ||   446
       Skin              |       |       |       |       |     4 ||     4
Dodge: Dodged            |    56 |   135 |   150 |   355 |   172 ||   868
